 Dungeon Crawl Stone Soup version 0.30.0-29-ga12c61a403 (webtiles) character file.

Game seed: 921107077695224056

17 cheesebisquit the Trooper (level 2, 24/24 HPs)
             Began as a Merfolk Fighter on June 6, 2023.
             Quit the game on level 1 of the Dungeon.
             The game lasted 00:03:19 (616 turns).

cheesebisquit the Trooper (Merfolk Fighter)          Turns: 616, Time: 00:03:19

Health: 24/24      AC:  6    Str: 16    XL:     2   Next: 62%
Magic:  2/2        EV:  8    Int:  7    God:
Gold:   82         SH:  4    Dex: 13    Spells: 0/1 levels left

rFire   . .          .
                       - Unarmed
rCold   . . .        b - +0 buckler
rNeg    . . .        a - +0 scale mail
rPois   .            (no helmet)
rElec   .            (no cloak)
rCorr   .            (no gloves)
SInv    .            (no boots)
Will    .....        (no amulet) Stlth
                     (no ring)
HPRegen 0.24/turn    (no ring)
MPRegen 0.08/turn

%: no passive effects
@: no status effects
A: (nimble swimmer 2), mertail
a: no special abilities


You were on level 1 of the Dungeon.
You visited 1 branch of the dungeon, and saw 1 of its levels.

You collected 82 gold pieces.

Inventory:

Armour
 a - a +0 scale mail (worn)
 b - a +0 buckler (worn)
Jewellery
 h - a ring of see invisible
Scrolls
 f - a scroll of noise {unknown}
 i - a scroll of enchant armour {unknown}
Potions
 c - a potion of might
 d - a potion of invisibility {unknown}
 e - a potion of attraction {unknown}
 g - a potion of curing {unknown}


   Skills:
 + Level 3.5 Fighting
 - Level 2.1 Armour
 + Level 3.2 Shields
 * Level 2.9 Unarmed Combat


You couldn't memorise any spells.
You knew the following spells:

 Your Spells              Type           Power      Damage    Failure   Level
a - Beastly Appendage     Tmut           0%         N/A       91%         1

Your spell library contained the following spells:

 Spells                   Type           Power      Damage    Failure   Level
 Sting                    Tmut/Pois      0%         1d3       91%         1
 Poisonous Vapours        Pois/Air       0%         N/A       97%         2
 Olgreb's Toxic Radiance  Pois           0%         N/A       100%        4


Dungeon Overview and Level Annotations

Branches:
Dungeon (1/15)

Altars:

Shops:
D:1 !


Innate Abilities, Weirdness & Mutations

((You are very nimble when in or above water. (Stealth+, EV+, Speed+++)))
Your lower body shifts to a powerful aquatic tail in water.


Message History

The kobold is moderately wounded.
The kobold hits you with a +0 short sword.
You hit the kobold.
You kill the kobold!
You pick up a Young Poisoner's Handbook and begin reading...
You add the spells Sting, Poisonous Vapours and Olgreb's Toxic Radiance to your library.
You now have enough gold to buy a potion of might on this level.
You can access your shopping list by pressing '$'.
You now have 68 gold pieces (gained 15).
You open the door.
There is an open door here.
There is an open door here.
Found a pair of gloves.
i - a scroll labelled EGAGUA OMIL A ball python comes into view.
The ball python hisses angrily.
You see here 14 gold pieces.
You now have enough gold to buy a potion of heal wounds on this level.
You can access your shopping list by pressing '$'.
You now have 82 gold pieces (gained 14).
You completely miss the ball python.
The ball python bites you but does no damage.
The ball python grabs you. The ball python constricts you.
You barely miss the ball python. You block the ball python's attack.
The ball python constricts you.
You barely miss the ball python.
The ball python bites you but does no damage.
The ball python constricts you.
You barely miss the ball python.
The ball python bites you but does no damage.
The ball python constricts you.
You closely miss the ball python.
The ball python bites you but does no damage.
The ball python constricts you.
You hit the ball python.
You kill the ball python!
Done exploring.
Done exploring.
You see here a +0 pair of gloves.
Are you sure you want to abandon this character and quit the game? (Confirm with "yes".)

#...........#........
##.........#.'.###...<
#.......######........
#.......# #8#8#8#..
#.......###########8..
#.................##.#
#......#.......#..#8.#
#......#......###.##.#
#....@.##.....###.#8.#
####.#.##......#..##.#
#.#.##.........#8..
#...###........###'
#..## #............
#### #........###.
#........# ##
#........# ##########


There were no monsters in sight!

Vanquished Creatures
  2 dart slugs (D:1)
  2 bats (D:1)
  A giant cockroach (D:1)
  A goblin (D:1)
  A hobgoblin (D:1)
  2 ball pythons (D:1)
  2 kobolds (D:1)
  2 rats (D:1)
13 creatures vanquished.

Notes
Turn   | Place    | Note
-------+----------+-------------------------------------------
     0 | D:1      | cheesebisquit the Merfolk Fighter began the quest for the
                  | Orb.
     0 | D:1      | Reached XP level 1. HP: 18/18 MP: 1/1
    95 | D:1      | Found Peitwoe's Distillery.
   186 | D:1      | Reached XP level 2. HP: 22/24 MP: 2/2
   397 | D:1      | Found a faded altar of an unknown god.
   405 | D:1      | Got Plato's Compendium of the Figure
   408 | D:1      | Learned a level 1 spell: Beastly Appendage
   616 | D:1      | Quit the game

Illustrated notes

Levels and vault maps discovered:
D:1:      heliophobic_arrival_ceremonial_halls, layout_rooms, serial_shops,
          shop, shapermc_ecumenical_altar_rom_forum, minmay_split_cup_small

Action                     || total
---------------------------++-------
  Melee: Unarmed           ||    64
 Armour: Scale mail        ||    33
  Dodge: Dodged            ||    20
  Block: Buckler           ||    16
